 Dungeon Crawl Stone Soup version 0.28-a0-511-gcc94558de3 (webtiles) character file.

Game seed: 18445733252983156482

3230 wakim the Basher (level 9, 0/80 HPs)
             Began as a Palentonga Abyssal Knight on Sept 21, 2021.
             Was a Priest of Lugonu.
             Slain by a hornet (7 damage)
             ... while paralysed by a hornet
             ... on level 8 of the Dungeon.
             The game lasted 00:26:23 (11668 turns).

wakim the Basher (Palentonga Abyssal Knight)       Turns: 11668, Time: 00:26:23

Health: 0/80       AC: 14    Str: 17    XL:     9   Next: 66%
Magic:  10/10      EV:  1    Int: 11    God:    Lugonu [***...]
Gold:   199        SH:  0    Dex: 13    Spells: 8/8 levels left

rFire   . . .      SeeInvis +   b - +1 whip (flame)
rCold   + . .      Faith    .   (no shield)
rNeg    . . .      Spirit   .   n - +2 robe {rC+}
rPois   .          Reflect  .   (no helmet)
rElec   .          Harm     .   q - +0 cloak
rCorr   .          Rampage  .   (no gloves)
Will    .....                   (no barding)
Stlth   +.........              p - amulet of magic regeneration
HPRegen 0.23/turn               g - +4 ring of slaying
MPRegen 0.37/turn               h - +4 ring of evasion

@: paralysed, lethally poisoned (0 -> -20), slowed, curled up
A: large, rugged brown scales 3, see invisible, deformed body, roll 1, armoured
tail, reflexive curl
a: Rolling Charge, Renounce Religion, Depart the Abyss, Bend Space, Banish


You were on level 8 of the Dungeon.
You worshipped Lugonu.
Lugonu was most pleased with you.
You visited 1 branch of the dungeon, and saw 8 of its levels.
You visited the Abyss 1 time.

You collected 199 gold pieces.

Inventory:

Hand Weapons
 a - a +2 flail of protection
 b - a +1 whip of flaming (weapon)
 c - the +6 hand axe "Savippogg" {freeze, *Slow rElec MP+9}
   (You found it on level 7 of the Dungeon)

   It freezes those it strikes, dealing additional cold damage.
   It can also slow down cold-blooded creatures.
   rElec:     It insulates you from electricity.
   MP:        It affects your magic capacity (+9).
   *Slow:     It may slow you when you take damage.
 s - a +0 morningstar
Armour
 n - a +2 robe of cold resistance (worn)
 o - a +2 robe of fire resistance
 q - a +0 cloak (worn)
Jewellery
 d - a ring of protection from fire
 e - a +6 ring of strength
 g - a +4 ring of slaying (left hand)
 h - a +4 ring of evasion (right hand)
 p - an amulet of magic regeneration (around neck)
Wands
 v - a wand of flame (6)
Scrolls
 r - a scroll of identify
 Q - 3 scrolls of immolation {!r!r}
 T - 2 scrolls of teleportation
Potions
 f - a potion of mutation {unknown}
 i - 2 potions of heal wounds {unknown}
 j - a potion of magic {unknown}
 k - a potion of might {unknown}
 l - a potion of haste {unknown}
 m - a potion of brilliance {unknown}
 F - 4 potions of curing
 G - 2 potions of flight
 O - a potion of resistance


   Skills:
 + Level 8.5 Fighting
 * Level 11.3 Maces & Flails
 - Level 1.5 Armour
 - Level 0.7 Dodging
 - Level 2.0 Invocations


You had 8 spell levels left.
You didn't know any spells.
Your spell library contained the following spells:

 Spells                   Type           Power      Damage    Failure   Level
 Summon Small Mammal      Summ           0%         N/A       34%         1
 Call Canine Familiar     Summ           0%         N/A       71%         3
 Summon Guardian Golem    Hex/Summ       0%         N/A       71%         3
 Animate Armour           Summ/Erth      0%         N/A       98%         4
 Blade Hands              Tmut           0%         N/A       100%        5
 Iskenderun's Battlesphe  Conj           0%         2d6       100%        5
 Iron Shot                Conj/Erth      0%         9d1       100%        6
 Spellforged Servitor     Conj/Summ      0%         N/A       100%        7


Dungeon Overview and Level Annotations

Branches:
Dungeon (8/15)             Temple (0/1) D:6
   Lair: D:8-11

Altars:
Elyvilon
Gozag
Nemelex Xobeh
Sif Muna

Shops:
D:2 [

Annotations:
D:5 Harold


Innate Abilities, Weirdness & Mutations

You are completely covered in rugged brown scales. (AC +3, +7% HP)
You have supernaturally acute eyesight. (SInv)
Armour fits poorly on your strangely shaped body.
You can roll at nearby foes to attack.
You have a long armoured tail.
You curl defensively after being hit.


Message History

The hornet closely misses you.
You hit the hornet. You burn the hornet.
The hornet is heavily wounded.
The hornet completely misses you.
You hit the hornet. You burn the hornet.
The hornet is heavily wounded.
You feel yourself speed up. The hornet stings you.
You suddenly lose the ability to move!
The hornet stings you but does no damage.
The hornet stings you.
You shrug off the repeated paralysis!
You can move again.
Space bends around you!
You blink.
You roll forward with a clatter of scales!
You completely miss the hornet.
The hornet is heavily wounded.
You hear a shout!
The hornet stings you.
You are poisoned.
You feel yourself slow down.
You fail to use your ability.
You feel very sick. The hornet stings you!
* * * LOW HITPOINT WARNING * * *
You are more poisoned.
You suddenly lose the ability to move!
The hornet stings you but does no damage.
An orc priest comes into view. It is wielding a +0 short sword.
You feel yourself speed up.
You feel very sick. The hornet stings you!
* * * LOW HITPOINT WARNING * * *
You feel yourself slow down. The hornet stings you!
* * * LOW HITPOINT WARNING * * *
You are more poisoned.
You feel as though you will be slow longer.
* * * LOW HITPOINT WARNING * * *
You feel very sick. The hornet stings you!
You die...

.......######..####.. #
#.....##...)...####.
#.#.....##............
.#.##.####..))............
.........)o...............
##.#.....).####....#......
#.....).# #....#......
#....y..####÷...#......
#.....@.#.##....#......
....#....#.......'......
##..#...°#.##....#......
#.................(.
#.##....#.############# ..
...####.#### #..... .#(##.
#....#####..... # #.
#....##........
#....##......o.


You could see a hornet and an orc priest.

Vanquished Creatures
  Pikel (D:6)
  A hornet (D:7)
  Sigmund (D:3)
  A shadow (D:7)
  Eustachio (D:6)
  A water moccasin (D:8)
  Duvessa (D:4)
  A black bear (D:6)
  A necrophage (D:5)
  4 centaurs
  An ogre (D:4)
  A lemure (D:6)
  2 bullfrogs (D:7)
  2 scorpions
  Dowan (D:4)
  A howler monkey (D:8)
  A bullfrog zombie (D:7)
  A centaur zombie (D:8)
  5 orc priests
  3 hounds
  Crazy Yiuf (D:3)
  A centaur skeleton (D:5)
  3 iguanas
  12 orc wizards
  A killer bee zombie (D:7)
  3 howler monkey zombies
  8 adders
  2 gnolls
  A shadow imp (D:6)
  2 white imps
  An ufetubus (D:3)
  5 worms
  2 dart slugs
  24 orcs
  5 bats
  4 endoplasms
  3 giant cockroaches
  7 goblins
  16 hobgoblins
  2 jackals (D:3)
  A quokka (D:5)
  2 ball pythons
  3 frilled lizards (D:1)
  A kobold (D:3)
  A quokka skeleton (D:4)
  3 rats
145 creatures vanquished.

Vanquished Creatures (others)
  4 fungi (D:3)
  5 plants (D:2)
  9 withered plants (D:2)
18 creatures vanquished.

Grand Total: 163 creatures vanquished

Notes
Turn   | Place    | Note
-------+----------+-------------------------------------------
     0 | Abyss:1  | wakim the Palentonga Abyssal Knight began the quest for the
                  | Orb.
     0 | Abyss:1  | Reached XP level 1. HP: 19/19 MP: 2/2
    35 | Abyss:1  | Found a corrupted altar of Lugonu.
    54 | Abyss:1  | Found a corrupted altar of Lugonu.
    90 | D:1      | Escaped the Abyss
    97 | D:1      | Noticed an anaconda
    97 | D:1      | Noticed a hog
   444 | D:1      | Reached XP level 2. HP: 25/25 MP: 3/3
   676 | D:1      | Reached skill level 3 in Maces & Flails
  1043 | D:1      | Reached XP level 3. HP: 29/31 MP: 4/4
  1045 | D:1      | Reached ** piety under Lugonu
  2137 | D:2      | Found Uwireede's Antique Armour Shop.
  2485 | D:2      | Found a faded altar of an unknown god.
  2640 | D:3      | Reached XP level 4. HP: 39/39 MP: 5/5
  2835 | D:3      | Reached skill level 4 in Maces & Flails
  3111 | D:3      | Noticed Sigmund
  3462 | D:3      | Reached XP level 5. HP: 21/44 MP: 6/6
  4060 | D:4      | Noticed Dowan
  4164 | D:4      | Found an opulent altar of Gozag.
  4165 | D:4      | Found a sparkling altar of Nemelex Xobeh.
  4212 | D:4      | Reached skill level 5 in Maces & Flails
  4666 | D:4      | Noticed an ogre
  5190 | D:4      | Reached XP level 6. HP: 30/52 MP: 4/7
  5767 | D:4      | Noticed Duvessa
  5873 | D:3      | Found a runed translucent door.
  5874 | D:3      | Noticed Crazy Yiuf
  5880 | D:3      | Killed Crazy Yiuf
  6051 | D:5      | Entered Level 5 of the Dungeon
  6055 | D:5      | Reached skill level 5 in Fighting
  6055 | D:5      | Reached skill level 6 in Maces & Flails
  6181 | D:5      | Gained mutation: You curl defensively after being hit.
                  | [Palentonga growth]
  6181 | D:5      | Reached XP level 7. HP: 46/59 MP: 8/8
  6184 | D:5      | Reached *** piety under Lugonu
  7069 | D:5      | Found a shimmering blue altar of Sif Muna.
  7125 | D:6      | Reached skill level 7 in Maces & Flails
  7133 | D:6      | Noticed Pikel
  7152 | D:6      | Killed Pikel
  7153 | D:6      | Reached skill level 8 in Maces & Flails
  7153 | D:6      | Reached XP level 8. HP: 60/69 MP: 9/9
  7225 | D:6      | Found a staircase to the Ecumenical Temple.
  7302 | D:6      | Noticed Eustachio
  7313 | D:6      | Killed Eustachio
  7736 | D:6      | Reached skill level 9 in Maces & Flails
  8350 | D:3      | Killed Sigmund
  8735 | D:4      | Killed Dowan
  8750 | D:4      | Killed Duvessa
  8751 | D:4      | Reached XP level 9. HP: 18/77 MP: 5/10
  9372 | D:7      | Noticed Harold
 10120 | D:7      | Reached skill level 10 in Maces & Flails
 10168 | D:7      | Identified the -2 cloak "Vyesm" {rC+ Regen+ Dex-2}
 10204 | D:7      | Found a white marble altar of Elyvilon.
 10400 | D:7      | Paralysed by a hornet for 1 turns
 10930 | D:7      | Identified the +6 hand axe "Savippogg" {freeze, *Slow rElec
                  | MP+9}
 11329 | D:8      | Reached skill level 11 in Maces & Flails
 11661 | D:8      | Paralysed by a hornet for 1 turns
 11666 | D:8      | Paralysed by a hornet for 3 turns
 11668 | D:8      | Slain by a hornet

Illustrated notes

Levels and vault maps discovered:
D:1:      onia_arrival_zoo_common, layout_loops_corners, grunt_decor_cap
D:2:      layout_loops_ring, shapermc_ecumenical_altar_flowoftime, serial_shops,
          nicolae_shop_trees
D:3:      layout_basic, uniq_crazy_yiuf_cottage, uniq_sigmund
D:4:      layout_cave_pods, grunt_temple_overflow_opulence,
          hangedman_decor_slide_cut, cheibrodos_gnoll_hut, uniq_duvessa
D:5:      layout_basic, lemuel_tele_altar
D:6:      layout_loops_ring, minmay_temple_entry_mist, grunt_decor_clamped,
          uniq_eustachio, uniq_pikel
D:7:      layout_loops_ring, lemuel_doored_altar, uniq_harold
D:8:      minmay_flawed_box, layout_basic, kennysheep_mini_moat

Skill      XL: |  1  2  3  4  5  6  7  8  9 |
---------------+----------------------------+-----
Maces & Flails | 3 4 5 6 8 9 11 | 11.3
Fighting       | 4 5 6 7 8 |  8.5
Armour         | |  1.5
Dodging        | |  0.7
Invocations    | |  2.0

Action                   |  1- 3 |  4- 6 |  7- 9 || total
-------------------------+-------+-------+-------++-------
Melee: Mace              |   121 |   117 |    32 ||   270
       Tailslap          |    14 |    13 |    35 ||    62
       Triple sword      |     6 |       |       ||     6
       Whip              |       |       |   176 ||   176
       Flail             |       |       |     4 ||     4
Invok: Bend Space        |       |     8 |    19 ||    27
 Abil: Rolling Charge    |    29 |    28 |    70 ||   127
  Use: Scroll            |       |     5 |     7 ||    12
 Stab: Distracted        |       |       |     1 ||     1
Armor: Leather armour    |     2 |       |       ||     2
       Ring mail         |    39 |    59 |       ||    98
       Scale mail        |       |    43 |    11 ||    54
       Robe              |       |       |    40 ||    40
Dodge: Dodged            |    41 |    98 |    82 ||   221

Table legend: (Time is in decaauts)
 A = Elapsed time spent in this place.
 B = Non-inter-level travel time spent in this place.
 C = Inter-level travel time spent in this place.
 D = Time resting spent in this place.
 E = Time spent auto-exploring this place.
 F = Levels seen in this place.
 G = Mean time per level.
                   A        B        C        D        E       F      G
               +--------+--------+--------+--------+--------+-----+--------+
         Total |  11692 |  10660 |   1032 |   1781 |   7323 |   9 | 1299.1 |
       Dungeon |  11602 |  10570 |   1032 |   1781 |   7290 |   8 | 1450.2 |
         Abyss |     90 |     90 |      0 |      0 |     33 |   1 |   90.0 |
               +--------+--------+--------+--------+--------+-----+--------+

Top non-repeatable levels by time:
     D:4: 2239 daAuts
     D:3: 1972 daAuts
     D:6: 1689 daAuts
     D:5: 1585 daAuts
     D:1: 1547 daAuts
     D:2: 1247 daAuts
     D:7: 798 daAuts
     D:8: 522 daAuts
 Abyss:1: 90 daAuts
